 Dungeon Crawl Stone Soup version 0.27.1-35-g4d5d836560 (webtiles) character file.

Game seed: 8502530298684853935

47 cbfl8 the Sneak (level 3, -5/33 HPs)
             Began as a Minotaur Delver on Mar 14, 2022.
             Was an Initiate of Yredelemnul.
             Killed from afar by an orc wizard (10 damage)
             ... with a magic dart
             ... on level 3 of the Dungeon.
             The game lasted 00:02:14 (560 turns).

cbfl8 the Sneak (Minotaur Delver)                    Turns: 560, Time: 00:02:15

Health: -5/33      AC:  5    Str: 16    XL:     3   Next: 48%
Magic:  2/2        EV: 26    Int:  7    God:    Yredelemnul [......]
Gold:   34         SH:  0    Dex: 12    Spells: 2/2 levels left

rFire    . . .     SeeInvis .   d - +0 quarterstaff
rCold    . . .     Faith    .   (shield currently unavailable)
rNeg     . . .     Spirit   .   c - +0 ring mail
rPois    .         Reflect  .   (helmet restricted)
rElec    .         Harm     .   (no cloak)
rCorr    .         Rampage  .   (no gloves)
Will     .....                  (no boots)
Stlth    ++........             h - amulet of the acrobat
HPRegen  0.11/turn              (no ring)
MPRegen  0.08/turn              (no ring)

@: acrobatic, hasted, very quick
A: horns 2, retaliatory headbutt
a: Renounce Religion


You were on level 3 of the Dungeon.
You worshipped Yredelemnul.
Yredelemnul was noncommittal.
You visited 2 branches of the dungeon, and saw 4 of its levels.

You collected 34 gold pieces.

Inventory:

Hand Weapons
 a - a +0 hand axe
 d - a +0 quarterstaff (weapon)
 i - a +0 long sword
Armour
 b - a +0 leather armour
 c - a +0 ring mail (worn)
Jewellery
 h - an amulet of the acrobat (around neck)
Wands
 g - a wand of digging (3)


   Skills:
 + Level 4.0 Fighting
 + Level 2.5 Axes
 + Level 0.5 Staves
 + Level 0.2 Armour
 + Level 3.0 Dodging
 + Level 4.6 Stealth


You had 2 spell levels left.
You didn't know any spells.
Your spell library contained the following spells:

 Spells                   Type           Power      Damage    Failure   Level
 Shock                    Conj/Air       0%         1d3       65%         1
 Swiftness                Air            0%         N/A       95%         3
 Airstrike                Air            0%         N/A       100%        4


Dungeon Overview and Level Annotations

Branches:
Dungeon (5/15)             Temple (1/1) D:4

Altars:
Ashenzari
Cheibriados
Dithmenos
Elyvilon
Fedhas
Gozag
Hepliaklqana
Kikubaaqudgha
Makhleb
Nemelex Xobeh
Okawaru
Qazlal
Ru
Sif Muna
Trog
Uskayaw
Vehumet
Wu Jian
Xom
Yredelemnul
Zin
The Shining One
Beogh


Innate Abilities, Weirdness & Mutations

You have a pair of horns on your head.
You reflexively headbutt those who attack you in melee.


Message History

The orc priest shouts!
You hear a shout!
The orc priest completely misses you.
You hear a shout!
The orc priest completely misses you. You furiously retaliate!
You headbutt the orc priest.
You hit the orc priest but do no damage.
The orc priest is heavily wounded.
The orc priest hits you with a +0 trident.
* * * LOW HITPOINT WARNING * * *
The orc priest barely misses you.
You hit the orc priest.
The orc priest is almost dead.
The orc priest hits you but does no damage.
You hit the orc priest but do no damage.
You headbutt the orc priest.
You kill the orc priest!
Yredelemnul accepts your kill.
Your Fighting skill increases to level 4!
Your Dodging skill increases to level 3!
You have reached level 3!
Your experience leads to an increase in your attributes!
Increase (S)trength, (I)ntelligence, or (D)exterity?
You feel agile.
Things that are here:
a +0 trident; a +0 ring mail; an orc corpse
c - a +0 ring mail You start removing your armour.
You continue taking off your +0 leather armour. x4
You finish taking off your +0 leather armour.
You start putting on your armour.
You continue putting on your +0 ring mail. x5
You finish putting on your +0 ring mail.
You feel yourself speed up.
Things that are here:
a +0 dagger; an orc corpse The orc wizard shouts!
The orc wizard casts a spell at you. The magic dart hits you!
You die...
Your body rises from the dead as a mindless zombie.

############
#......o..)#
####.#####.#
###.#####.#
##...o#)...#
####
#...o.#.####
...#####...#.#.#
#..##.o...#.@.#
#.##.#.#.#####
#...o....#
#.##.#####
#.##.# #.##.####
#.##.##.#
##.##o##.#
#........#


You could see 2 orc wizards.

Vanquished Creatures
  An orc priest (D:3)
  An adder (D:3)
  A worm (D:3)
  An orc (D:3)
  An endoplasm (D:3)
  A giant cockroach (D:3)
  2 frilled lizards (D:3)
8 creatures vanquished.

Vanquished Creatures (others)
  A plant (D:4)
1 creature vanquished.

Grand Total: 9 creatures vanquished

Notes
Turn   | Place    | Note
-------+----------+-------------------------------------------
     0 | D:5      | cbfl8 the Minotaur Delver began the quest for the Orb.
     0 | D:5      | Reached XP level 1. HP: 19/19 MP: 0/0
     5 | D:5      | Noticed an orc wizard
     6 | D:5      | Noticed a scorpion
    34 | D:4      | Found a staircase to the Ecumenical Temple.
    53 | Temple   | Entered the Ecumenical Temple
    99 | Temple   | Became a worshipper of Yredelemnul the Dark
   263 | D:3      | Reached XP level 2. HP: 18/26 MP: 1/1
   536 | D:3      | Reached XP level 3. HP: 2/33 MP: 2/2
   560 | D:3      | Killed from afar by an orc wizard

Illustrated notes

Levels and vault maps discovered:
D:3:      minmay_octagon_keep, layout_basic, minmay_misc_feat_columns,
          dk_vineyard_1, st_stairs_1, supply_closet_lemuel,
          kennysheep_another_room, grunt_ministairs_10, kennysheep_orc_chapel,
          uniq_jessica
D:4:      layout_basic, minmay_temple_entry_offerings, minmay_misc_feat_roman,
          st_stairs_11, chequers_big_river, minmay_liquid_box
D:5:      layout_loops_corners, mainiacjoe_overflow_catwalk,
          gup_sewer_entry_glass, chequers_serial_rivers_micro_b, uniq_menkaure
Temple:   nicolae_temple_the_god_donut

Skill      XL: |  1  2 |
---------------+-------+-----
Fighting       | 4 |  4.0
Dodging        | 3 |  3.0
Axes           | |  2.5
Staves         | |  0.5
Armour         | |  0.2
Stealth        | |  4.6

Action                   || total
-------------------------++-------
Melee: Quarterstaff      ||    18
       Headbutt          ||     4
  Use: Scroll            ||     3
       Potion            ||     2
 Stab: Fleeing           ||     1
       Sleeping          ||     1
Armor: Leather armour    ||     6
Dodge: Dodged            ||    17
